 Dungeon Crawl Stone Soup version 0.18-a0-23-g19353e1 (webtiles) character file.

142514 ventricule the Bludgeoner (level 16, -13/146 HPs)
             Began as a Minotaur Abyssal Knight on Nov 2, 2015.
             Was the Champion of Lugonu.
             Mangled by an ettin
             ... wielding a +2 dire flail of crushing
              (34 damage)
             ... on level 2 of the Depths.
             The game lasted 02:18:03 (34162 turns).

ventricule the Bludgeoner (MiAK)                   Turns: 34162, Time: 02:18:03

Health: -13/146    AC: 22    Str: 27    XL:     16   Next: 80%
Magic:  15/20      EV: 15    Int: 11    God:    Lugonu [******]
Gold:   158        SH:  0    Dex: 18    Spells: 0 memorised, 15 levels left

rFire  + . .     SeeInvis .     R - +9 great mace (distort)
rCold  . . .     Clarity  .     d - +0 storm dragon armour
rNeg   + + .     SustAt   .     (shield currently unavailable)
rPois  +         Gourm    .     (helmet restricted)
rElec  +         Spirit   .     V - +0 cloak
rCorr  .         Warding  +     (no gloves)
rMut   .         Stasis   .     I - +2 pair of boots {run}
MR     ++...                    T - amulet of warding
Stlth  ..........               b - ring of protection from magic
                                i - ring "Apicwywi" {rPois rF+ rN+ Dex+6}

@: mighty, studying Stealth, quick, very resistant to hostile enchantments,
extremely unstealthy
A: retaliatory headbutt, horns 2, clever 1
a: Depart the Abyss, Bend Space, Banish, Corrupt, Enter the Abyss, Renounce
Religion


You were on level 2 of the Depths.
You worshipped Lugonu.
Lugonu was exalted by your worship.
You were not hungry.

You visited 5 branches of the dungeon, and saw 23 of its levels.
You visited the Abyss 1 time.
You also visited: Labyrinth and Bailey.

You collected 2332 gold pieces.
You spent 2174 gold pieces at shops.


Innate Abilities, Weirdness & Mutations

You reflexively headbutt those who attack you in melee.
You have a pair of horns on your head.
Your mind is acute. (Int +2)


   Skills:
 + Level 14.0 Fighting
 + Level 20.7 Maces & Flails
 - Level 10.5 Throwing
 - Level 15.6 Armour
 + Level 8.9 Dodging
 - Level 4.5 Shields
 - Level 7.7 Invocations


You had 15 spell levels left.
You didn't know any spells.

Inventory:

Hand Weapons
 q - a +5 blowgun
 C - the +7 great mace "Undeadhunter" {disrupt, rN+}
   (You found it on level 9 of the Dungeon)

   It protects you from negative energy.
 R - a +9 great mace of distortion (weapon)
Missiles
 k - 7 javelins (quivered)
 p - 3 curare-tipped needles {=f}
 Y - 2 throwing nets {=f}
Armour
 d - a +0 storm dragon armour (worn)
 y - a +1 plate armour of fire resistance
 I - a +2 pair of boots of running (worn)
 V - a +0 cloak (worn)
 Z - a +2 buckler
Rods
 O - a +5 lightning rod (14/14) {!a}
   (You took it off a minotaur in a labyrinth)
Jewellery
 b - a ring of protection from magic (right hand)
 h - a ring of ice
 i - the ring "Apicwywi" (left hand) {rPois rF+ rN+ Dex+6}
   (You bought it in a shop on level 13 of the Dungeon)

   [ring of poison resistance]

   It affects your dexterity (+6).
   It protects you from fire.
   It protects you from poison.
   It protects you from negative energy.
 n - a +3 ring of intelligence
 t - a ring of sustain attributes
 w - an amulet of resist mutation
 x - a ring of positive energy
 z - an amulet of regeneration
 F - an amulet of stasis
 P - an amulet of the gourmand
 T - an amulet of warding (around neck)
Wands
 a - a wand of teleportation (4) {!d@v4}
 r - a wand of draining (3)
 u - a wand of fire (5)
Scrolls
 f - 4 scrolls of teleportation {@r4}
 j - 4 scrolls of fear
 l - 3 scrolls of recharging
 v - 3 scrolls of remove curse
 E - 4 scrolls of immolation {!r}
 H - 4 scrolls of fog
 L - 2 scrolls of identify {@r1}
 M - 2 scrolls of enchant armour
 Q - 4 scrolls of amnesia
 S - a scroll of blinking
 U - 2 scrolls of enchant weapon
Potions
 e - 3 potions of invisibility
 g - a potion of cure mutation
 m - 3 potions of flight
 o - a potion of agility
 A - 3 potions of magic
 B - 3 potions of heal wounds {@q2}
 G - 3 potions of ambrosia {!q}
 J - 6 potions of curing {@q1}
 K - a potion of resistance
 N - 3 potions of brilliance
 X - a potion of mutation {!q}
Books
 D - a manual of Stealth {!d}
Comestibles
 c - 9 bread rations
 s - 4 chunks of flesh

Dungeon Overview and Level Annotations

Branches:
Dungeon (15/15)            Temple (1/1) D:6            Lair (0/8) D:11
    Orc (4/4) D:10            Elf (1/3) Orc:3        Vaults (0/5) D:14
 Depths (2/5) D:15

Altars:
Cheibriados
Dithmenos
Elyvilon
Fedhas
Gozag
Kikubaaqudgha
Makhleb
Nemelex Xobeh
Okawaru
Qazlal
Sif Muna
Xom
Yredelemnul
Zin
The Shining One
Lugonu

Shops:
D:9 !   D:13 [[==!   Orc:2 (   Orc:4 %(*(

Portals:
Pandemonium: Depths:1

Annotations:
Temple corrupted
Elf:1 exclusion: orange crystal statue, Asterion

#.C## .##... #..#.
.#.... }# #...
...... #/# #..#
#.....# #...
#.V##.O...# #..#
#.###....# #..#
#Ch.....# #..#
#......#.##Cc#
#.....#.##H.#
#i...#.##..#..c...
#...#.##H.#. .....
#..####..# .. ....
#.#. ).D# ... .⌠c
#..####. .... ..
#. # ....c .
#....e


You could see a shadow dragon, a sphinx, an ettin, a deep elf high priest and 4
yaktaurs.


Message History

The yaktaur moves out of view.
The yaktaur wields an arbalest.
The yaktaur shoots a bolt.
The bolt closely misses you.
You hear a shout!
The yaktaur wields an arbalest.
The yaktaur shoots a bolt.
The bolt hits you but does no damage.
The shadow dragon breathes negative energy at you.
The bolt of negative energy misses you. The ettin barely misses you.
The ettin misses you.
Found 2 bolts, a runed hand axe, a wand of lightning and a box of beasts.
You see here 2 bolts.
You fail to use your ability.
The sphinx mumbles some strange words.
You are confused.
The yaktaur shoots a bolt.
The bolt hits you.
* * * LOW HITPOINT WARNING * * *
A yaktaur comes into view.
You're too confused!
Drink which item? (? for menu, Esc to quit)
You feel better.
You hear a shout!
The ettin closely misses you. The ettin hits you with a dire flail!
* * * LOW HITPOINT WARNING * * *
The yaktaur shoots a bolt.
The bolt hits you but does no damage.
The yaktaur wields an arbalest.
The yaktaur shoots a bolt.
The bolt hits you!
* * * LOW HITPOINT WARNING * * *
A deep elf high priest comes into view. It is wielding a scimitar.
You fail to use your ability.
The deep elf high priest shouts!
The ettin hits you with a dire flail of crushing!!
You die...

Action                   |  1- 3 |  4- 6 |  7- 9 | 10-12 | 13-15 | 16-18 || total
-------------------------+-------+-------+-------+-------+-------+-------++-------
Melee: Mace              |   110 |    75 |   429 |   430 |       |       ||  1044
       Great mace        |       |       |       |   232 |  1191 |   293 ||  1716
 Fire: Blowgun           |       |       |       |       |       |     3 ||     3
Throw: Javelin           |       |       |    10 |     2 |    31 |     3 ||    46
Invok: Depart the Abyss  |     1 |       |       |       |       |       ||     1
       Bend Space        |       |       |       |     1 |     3 |     1 ||     5
       Banish            |       |       |       |       |     3 |     1 ||     4
       Corrupt           |       |       |       |       |     1 |       ||     1
       Brand Weapon With |       |       |       |       |     1 |       ||     1
Evoke: Wand              |       |       |     3 |     3 |     4 |     2 ||    12
  Use: Scroll            |       |    11 |     8 |    13 |    20 |     5 ||    57
       Potion            |       |     1 |     1 |     3 |    17 |     4 ||    26
 Stab: Distracted        |       |       |       |       |       |     1 ||     1
  Eat: Chunk             |     6 |     2 |     4 |    17 |    21 |     4 ||    54
       Meat ration       |       |     1 |     1 |     2 |     5 |       ||     9
       Pizza             |       |       |       |       |     1 |       ||     1
       Bread ration      |       |       |       |       |     2 |     3 ||     5

Vault maps used:
D:1:      lightli_molten_gateway
D:2:      okawaru_ov_weapons_minmay
D:3:      first_bread, dk_yredelemnul_ordeal
D:4:      uniq_sigmund, uniq_eustachio
D:5:      old_standard_altar, grunt_gozag_statues, hangedman_decor_lopped,
          hangedman_decor_peaks_small, grunt_dithmenos_shadows,
          uniq_blork_the_orc, uniq_prince_ribbit1, uniq_grinder, uniq_edmund
D:6:      minmay_temple_entry_junction
D:7:      the_bakery, uniq_joseph
D:8:      gammafunk_temple_overflow_forgotten
D:9:      serial_shops, nicolae_shop_behind_doors, uniq_maurice, uniq_grum
D:10:     orc_david_3, uniq_nergalle
D:11:     lair_0_dummy, uniq_fannar
D:12:     uniq_josephine, uniq_snorg
D:13:     kennysheep_green_arena, serial_shops, kennysheep_little_box,
          shop_statue, shop, nicolae_shop_statue_plus, shop
D:14:     minmay_strange_plus, david_vaults_3
D:15:     grunt_enter_depths_hoard, lab_entry_generic, hex_intersection,
          lightli_corner_chamber
Temple:   circular_temple_13
Orc:1:    cheibrodos_orc_bank
Orc:2:    enter_bailey_2, serial_shops, shop, uniq_rupert
Orc:3:    nicolae_orc_pool_cavern, uniq_sonja
Orc:4:    grunt_orc_tribal_feast
Elf:1:    elf_arrival_002, minivault_15, lemuel_flame_loot_1, uniq_roxanne,
          uniq_aizul, uniq_asterion
Depths:1: grunt_hell_entry_dis_mu, pan_entry, bh_walls_and_bars,
          grunt_decor_mini_mirrors, ice2_lemuel, firewood_loft,
          serial_bayou_shore_b, uniq_wiglaf
Depths:2: evilmike_diamond_2, rand_demon_pan_entry_1,
          serial_sigils_hangedman_gnaw, hell_entry, st_stairs_2,
          infiniplex_staircase_zigzag_1
Lab:      labyrinth_mini_lab, nicolae_lab_lava, nicolae_lab_swirl,
          nicolae_lab_quarters
Bailey:   bailey_polearm_5, bailey

Notes
Turn   | Place    | Note
--------------------------------------------------------------
     0 | Abyss:1  | ventricule the Minotaur Abyssal Knight began the quest for the Orb.
     0 | Abyss:1  | Reached XP level 1. HP: 19/19 MP: 1/1
    56 | Abyss:1  | Noticed a quasit
    57 | Abyss:1  | Noticed a large abomination
    59 | D:1      | Escaped the Abyss
   535 | D:1      | Reached skill level 3 in Maces & Flails
   904 | D:1      | Reached XP level 2. HP: 21/26 MP: 2/2
  1251 | D:2      | Found an iron altar of Okawaru.
  1314 | D:2      | Reached skill level 4 in Maces & Flails
  1674 | D:2      | Reached * piety under Lugonu
  1674 | D:2      | Reached XP level 3. HP: 23/31 MP: 3/3
  2335 | D:2      | Reached skill level 5 in Maces & Flails
  2642 | D:3      | Noticed a human
  2643 | D:3      | Found a runed door.
  2671 | D:3      | Found a basalt altar of Yredelemnul.
  2678 | D:3      | Reached XP level 4. HP: 33/39 MP: 4/4
  3050 | D:4      | Noticed Eustachio
  3262 | D:4      | Noticed Sigmund
  3274 | D:4      | Killed Sigmund
  3274 | D:4      | Reached skill level 6 in Maces & Flails
  3274 | D:4      | Reached skill level 3 in Shields
  3274 | D:4      | Reached XP level 5. HP: 35/45 MP: 5/5
  3367 | D:4      | Reached ** piety under Lugonu
  3367 | D:4      | Reached XP level 6. HP: 51/51 MP: 6/6
  3906 | D:4      | Killed Eustachio
  3906 | D:4      | Reached skill level 7 in Maces & Flails
  3906 | D:4      | Reached skill level 4 in Shields
  4011 | D:4      | Reached XP level 7. HP: 53/57 MP: 7/7
  4030 | D:3      | Reached skill level 8 in Maces & Flails
  4337 | D:5      | Entered Level 5 of the Dungeon
  4410 | D:5      | Found a shadowy altar of Dithmenos.
  4589 | D:5      | Noticed Grinder
  4633 | D:5      | Noticed Edmund
  4677 | D:4      | Killed Edmund
  4677 | D:4      | Reached skill level 9 in Maces & Flails
  4934 | D:4      | Reached skill level 4 in Fighting
  4961 | D:5      | Reached skill level 3 in Armour
  5052 | D:5      | Noticed Prince Ribbit
  5064 | D:5      | Reached XP level 8. HP: 62/67 MP: 8/8
  5383 | D:5      | Found an opulent altar of Gozag.
  5443 | D:5      | Reached skill level 5 in Fighting
  5449 | D:5      | Reached skill level 4 in Armour
  5464 | D:5      | Reached skill level 10 in Maces & Flails
  5644 | D:5      | Found a glowing silver altar of Zin.
  5662 | D:5      | Got a crystal rapier
  5663 | D:5      | Identified the +6 rapier "Vuqauhea" {freeze, rF+ Int+3} (You found it on level 5 of the Dungeon)
  5677 | D:5      | Noticed Blork the orc
  5686 | D:5      | Killed Blork the orc
  5791 | D:5      | Paralysed by Grinder for 5 turns
  5797 | D:5      | Killed Grinder
  5797 | D:5      | Reached skill level 5 in Armour
  5894 | D:5      | Killed Prince Ribbit
  5894 | D:5      | Reached skill level 6 in Armour
  6000 | D:6      | Reached skill level 11 in Maces & Flails
  6041 | D:6      | Reached XP level 9. HP: 74/74 MP: 9/9
  6082 | D:6      | Reached skill level 7 in Armour
  6108 | D:6      | Found a staircase to the Ecumenical Temple.
  6205 | D:6      | Reached *** piety under Lugonu
  6507 | D:6      | Identified 2 potions of resistance
  6713 | D:7      | Reached skill level 8 in Armour
  6842 | D:7      | Reached skill level 12 in Maces & Flails
  7226 | D:7      | Reached skill level 9 in Armour
  7250 | D:7      | Noticed Joseph
  7516 | D:8      | Reached **** piety under Lugonu
  7874 | D:7      | Reached XP level 10. HP: 43/81 MP: 10/10
  7915 | D:7      | Killed Joseph
  7915 | D:7      | Reached skill level 13 in Maces & Flails
  7915 | D:7      | Reached skill level 10 in Armour
  8397 | D:8      | Found a stormy altar of Qazlal.
  8398 | D:8      | Found a basalt altar of Yredelemnul.
  8399 | D:8      | Found an ancient bone altar of Kikubaaqudgha.
  8780 | D:9      | Noticed Maurice
  8793 | D:9      | Killed Maurice
  8822 | D:9      | Found Yhyfa's Distillery.
  8825 | D:9      | Bought a potion of curing for 36 gold pieces
  8825 | D:9      | Bought a potion of curing for 36 gold pieces
  8825 | D:9      | Bought a potion of curing for 36 gold pieces
  8825 | D:9      | Bought a potion of curing for 36 gold pieces
  8825 | D:9      | Bought a potion of might for 48 gold pieces
  9011 | D:9      | Reached ***** piety under Lugonu
  9139 | D:9      | Noticed Grum
  9144 | D:9      | Reached skill level 11 in Armour
  9150 | D:9      | Killed Grum
  9259 | D:9      | Identified a potion of experience
  9261 | D:9      | Reached skill level 7 in Fighting
  9261 | D:9      | Reached skill level 14 in Maces & Flails
  9261 | D:9      | Reached skill level 12 in Armour
  9261 | D:9      | Reached skill level 4 in Dodging
  9261 | D:9      | Reached skill level 4 in Invocations
  9261 | D:9      | Reached XP level 11. HP: 86/92 MP: 10/13
  9634 | D:10     | Entered Level 10 of the Dungeon
  9771 | D:10     | Reached skill level 5 in Dodging
  9830 | D:10     | Reached skill level 8 in Fighting
  9850 | D:10     | Found a staircase to the Orcish Mines.
  9853 | D:10     | Got a polished leather armour
  9864 | D:10     | Identified the +1 leather armour "Engu" {*Contam rPois rCorr Int+7} (You found it on level 10 of the Dungeon)
  9869 | D:10     | Gained mutation: You are clumsy. (Dex -2) [mutagenic glow]
  9948 | D:10     | Noticed Nergalle
 10171 | D:10     | Noticed a hill giant
 10180 | D:10     | Killed a hill giant
 10285 | D:10     | Reached skill level 6 in Dodging
 10580 | D:10     | Noticed a hill giant
 10590 | D:10     | Killed a hill giant
 11363 | D:11     | Found a staircase to the Lair.
 11365 | D:11     | Noticed Fannar
 11733 | D:10     | Killed Nergalle
 11733 | D:10     | Reached XP level 12. HP: 103/103 MP: 14/14
 12056 | D:11     | Reached skill level 15 in Maces & Flails
 12398 | D:10     | Killed Fannar
 12741 | D:11     | Reached skill level 16 in Maces & Flails
 12880 | D:11     | Noticed a six-headed hydra
 12888 | D:11     | Killed a six-headed hydra
 13704 | D:12     | Noticed Josephine
 13720 | D:12     | Killed Josephine
 13720 | D:12     | Reached skill level 17 in Maces & Flails
 13790 | D:12     | Reached ****** piety under Lugonu
 13809 | D:12     | Noticed Snorg
 13825 | D:12     | Killed Snorg
 13976 | D:12     | Reached skill level 18 in Maces & Flails
 14117 | D:12     | Reached XP level 13. HP: 83/108 MP: 15/15
 14600 | D:13     | Found Dipew's Armour Shop.
 14609 | D:13     | Found Kiorav's Armour Boutique.
 14610 | D:13     | Found Edecrero's Jewellery Shop.
 14938 | D:13     | Found Coxkolah's Distillery.
 14943 | D:13     | Bought a potion of heal wounds for 65 gold pieces
 15174 | D:13     | Found Raded's Jewellery Shoppe.
 15185 | D:13     | Reached skill level 19 in Maces & Flails
 16730 | D:13     | Reached skill level 20 in Maces & Flails
 16930 | Orc:1    | Entered Level 1 of the Orcish Mines
 17287 | Orc:2    | Found Wiydia Soxo's Antique Weapon Emporium.
 17299 | Orc:2    | Reached skill level 1 in Throwing
 17377 | Orc:2    | Found a flagged portal.
 17384 | Bailey   | Entered a bailey
 17726 | Bailey   | Reached skill level 9 in Fighting
 17726 | Bailey   | Reached skill level 3 in Throwing
 17726 | Bailey   | Reached skill level 13 in Armour
 17726 | Bailey   | Reached XP level 14. HP: 113/119 MP: 16/16
 17805 | Bailey   | Reached skill level 4 in Throwing
 18403 | Bailey   | Reached skill level 10 in Fighting
 18895 | Orc:2    | Noticed Rupert
 19978 | D:13     | Bought a +2 pair of boots of running for 705 gold pieces
 20171 | Temple   | Entered the Ecumenical Temple
 20282 | Temple   | Corrupted Temple
 20282 | Temple   | Noticed a Hell Sentinel
 20355 | D:6      | Identified a +2 great mace of distortion (a +0 great mace corrupted by Lugonu)
 20355 | D:6      | Received a gift from Lugonu
 20614 | Orc:2    | Killed Rupert
 20614 | Orc:2    | Reached skill level 5 in Throwing
 20614 | Orc:2    | Reached skill level 14 in Armour
 20961 | Orc:3    | Found a staircase to the Elven Halls.
 21416 | Orc:3    | Noticed Sonja
 21432 | Orc:3    | Killed Sonja
 21899 | Orc:4    | Entered Level 4 of the Orcish Mines
 22172 | Orc:4    | Reached skill level 11 in Fighting
 22172 | Orc:4    | Reached XP level 15. HP: 126/129 MP: 17/17
 22252 | Orc:4    | Reached skill level 6 in Throwing
 23229 | Orc:4    | Found Yczeyrph's Food Shop.
 23229 | Orc:4    | Found Pofaurhe's Antique Weapon Shoppe.
 23234 | Orc:4    | Found Jesteen's Antique Weapon Shop.
 23234 | Orc:4    | Found Gerchal's General Store.
 23243 | Orc:4    | Bought a scroll of identify for 30 gold pieces
 23243 | Orc:4    | Bought a scroll of enchant weapon for 112 gold pieces
 23245 | Orc:4    | Bought a blackened flail for 238 gold pieces
 23246 | Orc:4    | Identified the +6 flail of Eternal Harmony {crush, Str+6} (You bought it in a shop on level 4 of the Orcish Mines)
 23391 | Elf:1    | Entered Level 1 of the Elven Halls
 23527 | Elf:1    | Gained mutation: You can breathe flames. [potion of beneficial mutation]
 23540 | Elf:1    | Lost mutation: You are clumsy. (Dex -2) [potion of cure mutation]
 23540 | Elf:1    | Lost mutation: You can breathe flames. [potion of cure mutation]
 23553 | Elf:1    | Noticed Aizul
 24224 | D:14     | Found a gate to the Vaults.
 24382 | D:14     | Reached skill level 7 in Throwing
 24624 | D:14     | Reached skill level 15 in Armour
 24647 | D:14     | Reached skill level 12 in Fighting
 24723 | D:14     | Gained mutation: Your mind is acute. (Int +2) [potion of beneficial mutation]
 24769 | D:14     | Got an ichor-stained quarterstaff {flame}
 24770 | D:14     | Identified the cursed +1 quarterstaff of Cosinu {flame, *Noise rPois rN+ Dex-3} (You took it off a human on level 14 of the Dungeon)
 25247 | D:14     | Noticed a storm dragon
 25317 | D:14     | Killed a storm dragon
 25317 | D:14     | Reached skill level 8 in Throwing
 26699 | D:15     | Entered Level 15 of the Dungeon
 26705 | D:15     | Found a labyrinth entrance.
 26727 | Lab      | Entered a labyrinth
 27322 | Lab      | Got a polished scale mail
 27333 | Lab      | Identified the cursed +1 scale mail of the Guilds {rPois rF+++ MR+ Dex-4} (You found it in a labyrinth)
 27395 | Lab      | Reached skill level 5 in Invocations
 27447 | Lab      | Identified a +5 lightning rod (0/14) {!a} (You took it off a minotaur in a labyrinth)
 27851 | D:15     | Reached skill level 9 in Throwing
 28266 | D:15     | Found a staircase to the Depths.
 28308 | D:15     | Reached skill level 6 in Invocations
 28891 | Elf:1    | Killed Aizul
 28891 | Elf:1    | Reached XP level 16. HP: 66/141 MP: 19/19
 29317 | D:13     | Bought the ring "Apicwywi" {rPois rF+ rN+ Dex+6} for 762 gold pieces
 29520 | Elf:1    | Reached skill level 10 in Throwing
 29914 | Elf:1    | Reached skill level 7 in Invocations
 30357 | Elf:1    | Noticed Asterion
 31386 | Orc:4    | Bought a glowing blowgun for 70 gold pieces
 31930 | D:14     | Identified a +0 storm dragon armour (You found it on level 14 of the Dungeon)
 32020 | Depths:1 | Entered Level 1 of the Depths
 32020 | Depths:1 | Found a one-way gate leading to the halls of Pandemonium.
 32033 | Depths:1 | Noticed Wiglaf
 32407 | Depths:1 | Reached skill level 13 in Fighting
 32573 | Depths:1 | Reached skill level 7 in Dodging
 33419 | Depths:1 | Reached skill level 8 in Dodging
 33500 | Depths:1 | Killed Wiglaf
 33820 | Depths:1 | Noticed an Ice Fiend
 33847 | Depths:1 | Killed an Ice Fiend
 34097 | Depths:2 | Noticed a titan
 34100 | Depths:2 | Killed a titan
 34112 | Depths:2 | Reached skill level 14 in Fighting
 34162 | Depths:2 | Mangled by an ettin

Vanquished Creatures
  An Ice Fiend (Depths:1)
  Rupert (Orc:2)
  A titan (Depths:2)
  A storm dragon (D:14)
  Wiglaf (Depths:1)
  A fire giant (D:14)
  A deep elf sorcerer (Elf:1)
  Aizul (Elf:1)
  A stone giant (Depths:1)
  3 ettins
  Snorg (D:12)
  3 fire dragons
  A minotaur (Lab)
  3 jiangshi (Depths:1)
  A fire dragon (shapeshifter) (Depths:1)
  A yaktaur captain (Depths:2)
  Josephine (D:12)
  Fannar (D:10)
  A rakshasa (D:14)
  A hydra (D:11)
  2 ice dragons (Depths:1)
  An ogre mage (Depths:1)
  8 centaur warriors
  2 orc high priests (Orc:4)
  4 tengu warriors
  A vampire mage (Depths:1)
  6 deep elf knights (Elf:1)
  Sonja (Orc:3)
  Nergalle (D:10)
  An ice devil (Depths:1)
  A flayed ghost (Depths:1)
  A skeletal warrior (D:14)
  A giant orange brain (Depths:1)
  3 unseen horrors
  11 orc knights
  4 orc sorcerers
  A hill giant (shapeshifter) (D:14)
  3 manticores (D:14)
  15 ugly things
  A wolf spider zombie (D:13)
  A lindwurm (shapeshifter) (Elf:1)
  2 wizards
  11 hill giants
  5 cyclopes
  A cyclops (shapeshifter) (D:13)
  5 deep elf conjurers (Elf:1)
  Maurice (D:9)
  Joseph (D:7)
  2 gargoyles
  5 yaktaurs (Depths:1)
  A komodo dragon (shapeshifter) (D:13)
  A deep elf priest (Elf:1)
  A tengu conjurer (D:13)
  A jumping spider (shapeshifter) (D:15)
  6 freezing wraiths
  8 two-headed ogres
  A polar bear (shapeshifter) (Depths:1)
  A polar bear (Depths:1)
  Grinder (D:5)
  Prince Ribbit (D:5)
  9 trolls
  A wind drake (shapeshifter) (D:15)
  A shadow (D:13)
  A spriggan (D:7)
  5 slime creatures (D:12)
  A vampire (D:13)
  Sigmund (D:4)
  A tarantella (shapeshifter) (Elf:1)
  9 yaks
  2 trapdoor spiders (Lab)
  6 wraiths
  6 deep elf fighters (Elf:1)
  9 deep elf magi
  2 hippogriffs
  5 hungry ghosts
  Eustachio (D:4)
  A basilisk (D:14)
  3 steam dragons
  Grum (D:9)
  16 humans (D:14)
  2 vampire mosquitoes (D:12)
  A soldier ant (D:12)
  Edmund (D:4)
  A warg (Orc:2)
  2 wolves (D:9)
  2 mottled dragons
  A water moccasin (D:10)
  A wasp (D:12)
  13 ice beasts
  3 necrophages
  2 phantoms
  A spider (shapeshifter) (D:14)
  A black bear (D:6)
  12 ogres
  4 sky beasts
  An eye of draining (D:12)
  43 orc warriors
  An ogre (shapeshifter) (D:13)
  7 centaurs
  2 crocodiles
  2 boggarts
  Blork the orc (D:5)
  A big kobold (D:11)
  A wyvern zombie (D:13)
  2 gnoll sergeants (D:7)
  13 giant frogs
  A wyvern skeleton (D:14)
  A water moccasin zombie (D:4)
  4 scorpions
  4 wights
  13 killer bees
  An electric eel (D:14)
  7 crimson imps
  9 hounds
  3 jellies
  21 orc priests
  33 orc wizards
  A quasit (D:10)
  5 centaur zombies
  12 centaur skeletons
  4 giant frog skeletons
  7 iguanas
  12 worker ants
  A killer bee zombie (D:7)
  3 hound skeletons
  A worker ant zombie (D:5)
  9 adders
  17 gnolls
  8 shadow imps
  An ooze (D:4)
  2 adder zombies
  An adder skeleton (D:6)
  5 worms
  4 giant geckos
  230 orcs
  3 bats
  7 giant cockroaches
  4 goblins
  11 hobgoblins
  12 jackals
  10 kobolds
  6 quokkas
  A ball python (D:3)
  4 giant newts
  A goblin skeleton (D:3)
  2 rats
833 creatures vanquished.

Vanquished Creatures (others)
  2 fire dragons
  An ice dragon (Depths:1)
  A tengu warrior (Depths:2)
  An orc high priest (Orc:4)
  A hill giant (D:14)
  An orc knight (Orc:2)
  A manticore (D:14)
  A yaktaur (Depths:1)
  2 deep elf magi (Elf:1)
  A mottled dragon (D:14)
  2 orc warriors
  2 orc priests (Orc:3)
  An orc (Orc:2)
  A bat (D:3)
  2 plants (Depths:1)
20 creatures vanquished.

Grand Total: 853 creatures vanquished
